 Dungeon Crawl Stone Soup version 0.26-a0-812-g31a745ddcd (webtiles) character file.

Game seed: 4531022155546996827

11242 kae the Cleaver (level 11, 0/99 HPs)
             Began as a Hill Orc Fighter on Dec 9, 2020.
             Was a Believer of Qazlal.
             Slain by an orc warrior
             ... wielding a +0 trident
              (10 damage)
             ... on level 9 of the Dungeon.
             The game lasted 00:06:14 (9919 turns).

kae the Cleaver (Hill Orc Fighter)                  Turns: 9919, Time: 00:06:14

Health: 0/99       AC:  9    Str: 23    XL:     11   Next: 74%
Magic:  16/16      EV: 10    Int: 14    God:    Qazlal [**....]
Gold:   528        SH: 13    Dex: 10    Spells: 10/10 levels left

rFire    . . .     SeeInvis .   r - +6 hand axe (elec)
rCold    . . .     Faith    .   c - +0 kite shield
rNeg     . . .     Spirit   .   b - +1 scale mail
rPois    .         Reflect  .   (no helmet)
rElec    .         Harm     .   (no cloak)
rCorr    +         Rampage  .   (no gloves)
MR       .....                  (no boots)
Stlth    ..........             (no amulet)
HPRegen  0.26/turn              q - +6 ring of intelligence
MPRegen  0.15/turn              y - ring of resist corrosion

@: no status effects
A: no striking features
a: Upheaval, Renounce Religion


You were on level 9 of the Dungeon.
You worshipped Qazlal.
Qazlal was pleased with you.
You visited 2 branches of the dungeon, and saw 10 of its levels.

You collected 640 gold pieces.
You spent 112 gold pieces at shops.

Inventory:

Hand Weapons
 a - a +0 war axe
 r - a +6 hand axe of electrocution (weapon)
Armour
 b - a +1 scale mail (worn)
 c - a +0 kite shield (worn)
Jewellery
 q - a +6 ring of intelligence (left hand)
 y - a ring of resist corrosion (right hand)
 A - an uncursed amulet of faith
 C - an uncursed ring of wizardry
Scrolls
 f - 3 scrolls of magic mapping
 g - 2 scrolls of enchant armour
 i - 6 scrolls of remove curse
 k - 2 scrolls of silence {unknown}
 l - a scroll of blinking
 o - 3 scrolls of fear
 u - 6 scrolls of teleportation
 w - a scroll of noise
 D - a scroll of identify
 E - a scroll of random uselessness {unknown}
Potions
 d - 3 potions of might
 e - a potion of cancellation
 h - a potion of haste
 j - a potion of flight
 n - a potion of magic
 p - 2 potions of invisibility
 s - a potion of brilliance
 t - 3 potions of attraction
 v - a potion of degeneration
 x - a potion of mutation
 z - a potion of ambrosia
 B - a potion of lignification


   Skills:
 + Level 10.0 Fighting
 * Level 14.1 Axes
 + Level 9.3 Armour
 + Level 6.5 Dodging
 - Level 3.2 Shields
 + Level 6.8 Invocations


You had 10 spell levels left.
You didn't know any spells.
Your spell library contained the following spells:

 Spells                   Type           Power        Failure   Level
 Foxfire                  Conj/Fire      #...         96%         1
 Conjure Flame            Conj/Fire      #.......     100%        3
 Inner Flame              Hex/Fire       #.......     100%        3
 Sticky Flame             Conj/Fire      #.......     100%        4
 Fireball                 Conj/Fire      #.........   100%        5


Dungeon Overview and Level Annotations

Branches:
Dungeon (9/15)             Temple (1/1) D:5            Lair (0/6) D:8
    Orc (0/2) D:9

Altars:
Ashenzari
Cheibriados
Dithmenos
Elyvilon
Fedhas
Gozag
Hepliaklqana
Kikubaaqudgha
Makhleb
Nemelex Xobeh
Okawaru
Qazlal
Ru
Sif Muna
Trog
Uskayaw
Vehumet
Wu Jian
Xom
Yredelemnul
Zin
The Shining One

Shops:
D:4 ?:}(   D:8 :

Annotations:
D:9 5 runed translucent doors, Joseph


Message History

You slash the orc warrior!
You kill the orc warrior!
Qazlal accepts your kill.
You slash Joseph! The orc warrior closely misses you.
You closely miss the orc warrior.
The orc warrior is moderately wounded.
You slash Joseph! Lightning courses through Joseph!!
Joseph hits you with a +0 quarterstaff.
* * * LOW HITPOINT WARNING * * *
The orc warrior hits you with a +0 trident!
* * * LOW HITPOINT WARNING * * *
You barely miss the orc warrior.
The orc warrior is moderately wounded.
You hit Joseph.
You feel sick.
Joseph shouts, "At last, some action!"
Joseph hits you with a +0 quarterstaff!
* * * LOW HITPOINT WARNING * * *
You feel better.
The orc warrior hits you with a +0 trident!
You die...

*,,,,,,,* * ****+**** *,*
*,** ### *## *** *** *,.#**
##8###8##*,***8**** *,,..*
##...#...#.,,*,,,*,≈
*,,#.*##.....(....,,,,,,*,,
*,,#$##..@))......,,,,,,+,,
*,,#.....○@o..o...,,,,,,*,,
#.###.#)#)§.#...#.,,*,,,*,≈
*#.#)#..†##8##*,##*8***,****
*..#+#...#### *** *** ***
*#.##y##..# *#..#.yy#..##
###..##.yy##..## ###########
#...##...yy##..###.........#
##..#*....,yy##..##.........#


You could see Joseph, an orc warrior and an orc.

Vanquished Creatures
  A two-headed ogre (D:8)
  Erica (D:8)
  6 death yaks
  Pikel (D:5)
  Maggie (D:7)
  5 slime creatures (D:7)
  A wyvern (D:9)
  4 yaks (D:9)
  2 sky beasts
  3 ice beasts
  5 orc warriors
  3 phantoms
  7 ogres
  2 centaurs
  2 lemures (D:5)
  2 bullfrogs
  A scorpion (D:5)
  10 wights
  2 howler monkeys
  A centaur zombie (D:9)
  A jelly (D:8)
  A quasit (D:8)
  3 hounds
  8 orc wizards
  4 orc priests
  2 centaur skeletons
  8 iguanas
  3 worker ants
  Terence (D:3)
  A hound zombie (D:6)
  2 hound skeletons
  3 gnolls (D:9)
  9 adders
  A shadow imp (D:8)
  2 white imps
  An ufetubus (D:6)
  2 oozes
  An adder skeleton (D:8)
  A worm (D:6)
  A dart slug (D:2)
  4 leopard geckos
  40 orcs
  4 bats
  5 giant cockroaches
  5 goblins
  6 hobgoblins
  8 jackals
  4 quokkas
  A ball python (D:4)
  2 frilled lizards (D:1)
  A jackal skeleton (D:8)
  A jackal zombie (D:5)
  8 kobolds
  2 leopard gecko skeletons (D:5)
  A leopard gecko zombie (D:8)
  10 rats
217 creatures vanquished.

Notes
Turn   | Place    | Note
-------+----------+-------------------------------------------
     0 | D:1      | kae the Hill Orc Fighter began the quest for the Orb.
     0 | D:1      | Reached XP level 1. HP: 19/19 MP: 1/1
    53 | D:1      | Reached skill level 3 in Axes
    84 | D:1      | Reached XP level 2. HP: 27/27 MP: 2/2
   534 | D:1      | Reached XP level 3. HP: 27/33 MP: 3/3
   944 | D:2      | Reached skill level 1 in Dodging
  1303 | D:3      | Reached skill level 4 in Axes
  1390 | D:3      | Reached XP level 4. HP: 40/40 MP: 4/4
  1954 | D:3      | Reached XP level 5. HP: 40/47 MP: 5/5
  2085 | D:3      | Noticed Terence
  2095 | D:3      | Killed Terence
  2614 | D:3      | Found a basalt altar of Yredelemnul.
  2716 | D:4      | Found Weutituc's Book Shop.
  2761 | D:4      | Reached skill level 5 in Axes
  2861 | D:4      | Found Yhebol's Antique Weapon Shoppe.
  2920 | D:4      | Found Tillo Zash's Gadget Boutique.
  2960 | D:4      | Reached XP level 6. HP: 34/53 MP: 6/6
  3199 | D:4      | Found Laragir's Magic Scroll Emporium.
  3209 | D:4      | Bought a scroll of identify for 28 gold pieces
  3209 | D:4      | Bought a scroll of identify for 28 gold pieces
  3209 | D:4      | Bought a scroll of identify for 28 gold pieces
  3209 | D:4      | Bought a scroll of identify for 28 gold pieces
  3224 | D:5      | Entered Level 5 of the Dungeon
  3299 | D:5      | Noticed Pikel
  3333 | D:5      | Killed Pikel
  3333 | D:5      | Reached skill level 5 in Fighting
  3333 | D:5      | Reached skill level 7 in Axes
  3333 | D:5      | Reached skill level 5 in Armour
  3333 | D:5      | Reached XP level 7. HP: 24/61 MP: 7/7
  3531 | D:5      | Found a staircase to the Ecumenical Temple.
  3548 | Temple   | Entered the Ecumenical Temple
  3902 | D:5      | Reached XP level 8. HP: 45/70 MP: 8/8
  4090 | D:5      | Reached skill level 8 in Axes
  4497 | D:5      | Found a shadowy altar of Dithmenos.
  4719 | D:6      | Reached skill level 9 in Axes
  4829 | D:6      | Found an opulent altar of Gozag.
  5019 | D:6      | Found a stormy altar of Qazlal.
  5276 | D:6      | Became a worshipper of Qazlal Stormbringer
  5484 | D:6      | Reached XP level 9. HP: 76/79 MP: 9/9
  5796 | D:7      | Reached skill level 10 in Axes
  6067 | D:7      | Reached * piety under Qazlal
  6084 | D:7      | Noticed Maggie
  6098 | D:7      | Killed Maggie
  6475 | D:7      | Reached skill level 11 in Axes
  6479 | D:7      | Reached skill level 1 in Invocations
  6547 | D:7      | Reached XP level 10. HP: 74/88 MP: 11/11
  6611 | D:7      | Reached skill level 5 in Dodging
  6762 | D:7      | Found a sparkling altar of Nemelex Xobeh.
  6956 | D:8      | Found Cuxiadad's Book Shoppe.
  7005 | D:8      | Noticed a death yak
  7006 | D:8      | Noticed a death yak
  7008 | D:8      | Found a staircase to the Lair.
  7008 | D:8      | Noticed a death yak
  7008 | D:8      | Noticed a death yak
  7010 | D:8      | Noticed a death yak
  7010 | D:8      | Noticed a death yak
  7015 | D:8      | Killed a death yak
  7015 | D:8      | Reached skill level 12 in Axes
  7360 | D:7      | Killed a death yak
  7468 | D:8      | Noticed a two-headed ogre
  7473 | D:8      | Killed a two-headed ogre
  7473 | D:8      | Reached skill level 5 in Invocations
  7480 | D:8      | Reached ** piety under Qazlal
  7635 | D:8      | Noticed Erica
  7653 | D:8      | Killed Erica
  7653 | D:8      | Reached skill level 13 in Axes
  7653 | D:8      | Reached XP level 11. HP: 23/97 MP: 13/15
  8284 | D:8      | Killed a death yak
  8286 | D:8      | HP: 2/97 [death yak (20)]
  8757 | D:7      | Killed a death yak
  8931 | D:7      | Killed a death yak
  9075 | D:8      | Killed a death yak
  9612 | D:9      | Found a runed translucent gate.
  9614 | D:9      | Found a runed translucent gate.
  9614 | D:9      | Found a runed translucent gate.
  9624 | D:9      | Reached skill level 14 in Axes
  9646 | D:9      | Found a runed translucent door.
  9853 | D:9      | Found a runed translucent door.
  9860 | D:9      | Reached skill level 10 in Fighting
  9892 | D:9      | Found the +9 staff of Olgreb {rPois∞}
  9901 | D:9      | Noticed Joseph
  9918 | D:9      | HP: 2/99 [Joseph/+0 quarterstaff (7)]
  9919 | D:9      | Slain by an orc warrior

Illustrated notes

Levels and vault maps discovered:
D:1:      lightli_arrival_flooded_house, layout_loops_ring
D:2:      layout_rooms
D:3:      layout_basic, overflow_temple_1_default, uniq_terence
D:4:      layout_rooms, serial_shops, shop_fountains, nicolae_shop_crystal,
          nicolae_shop_window_shopping, nicolae_shop_trees,
          hangedman_decor_peaks_small, kennysheep_generic_room_12
D:5:      layout_loops_ring, grunt_dithmenos_shadows,
          minmay_temple_entry_proselytizer, uniq_pikel
D:6:      layout_loops_corners, nicolae_overflow_crystal_walls,
          lemuel_coloured_pillars_altar
D:7:      layout_cave_pools, nemelex_dance_club_becter, uniq_maggie
D:8:      minmay_recursive_quarters, layout_basic, dpeg_lair_monsters,
          serial_shops, nicolae_shop_window_shopping, uniq_erica
D:9:      layout_roguey, david_orc_4, minmay_guarded_unrand_staff_of_olgreb,
          uniq_joseph
Temple:   regret_index_temple_mists

Skill      XL: |  1  2  3  4  5  6  7  8  9 10 11 |
---------------+----------------------------------+-----
Axes           | 3 4 5 7 9 11 13 14 | 14.1
Fighting       | 4 5 7 8 9 10 | 10.0
Dodging        | 1 2 3 4 5 6 |  6.5
Armour         | 4 5 6 7 8 9 |  9.3
Invocations    | 2 5 6 |  6.8
Shields        | |  3.2

Action                   |  1- 3 |  4- 6 |  7- 9 | 10-12 || total
-------------------------+-------+-------+-------+-------++-------
Melee: War axe           |   111 |    42 |       |       ||   153
       Hand axe          |       |    66 |   173 |   229 ||   468
  Use: Scroll            |       |       |     2 |    19 ||    21
       Potion            |       |       |       |     2 ||     2
 Stab: Distracted        |     1 |       |       |       ||     1
Armor: Scale mail        |    47 |    32 |    39 |    27 ||   145
Dodge: Dodged            |    30 |    26 |    25 |    51 ||   132
Block: Kite shield       |    58 |    56 |    59 |    76 ||   249

Table legend: (Time is in decaauts)
 A = Elapsed time spent in this place.
 B = Non-inter-level travel time spent in this place.
 C = Inter-level travel time spent in this place.
 D = Time resting spent in this place.
 E = Time spent auto-exploring this place.
 F = Levels seen in this place.
 G = Mean time per level.
                   A        B        C        D        E       F      G
               +--------+--------+--------+--------+--------+-----+--------+
         Total |   9965 |   9759 |    206 |   1833 |   6548 |  10 |  996.5 |
       Dungeon |   9737 |   9554 |    183 |   1833 |   6344 |   9 | 1081.9 |
        Temple |    228 |    205 |     23 |      0 |    204 |   1 |  228.0 |
               +--------+--------+--------+--------+--------+-----+--------+

Top non-repeatable levels by time:
     D:6: 1735 daAuts
     D:8: 1498 daAuts
     D:3: 1484 daAuts
     D:7: 1478 daAuts
     D:5: 1214 daAuts
     D:1: 703 daAuts
     D:4: 563 daAuts
     D:2: 535 daAuts
     D:9: 523 daAuts
  Temple: 228 daAuts
